 Dungeon Crawl Stone Soup version 0.26-a0-639-g72c4674329 (webtiles) character file.

Game seed: 10947083286071688145

30196 DogServant the Geomancer (level 13, -1/78 HPs)
             Began as a Gargoyle Earth Elementalist on Sept 18, 2020.
             Was a High Priest of Vehumet.
             Slain by Rupert
             ... wielding a +2 executioner's axe of freezing
              (5 damage)
             ... on level 13 of the Dungeon.
             The game lasted 01:10:17 (21271 turns).

DogServant the Geomancer (GrEE)                    Turns: 21271, Time: 01:10:17

Health: -1/78      AC: 20    Str: 12    XL:     13   Next: 50%
Magic:  6/26       EV: 13    Int: 21    God:    Vehumet [*****.]
Gold:   653        SH:  5    Dex: 16    Spells: 5/31 levels left

rFire    . . .     SeeInvis .   m - staff of conjuration
rCold    . . .     Faith    .   E - +0 buckler
rNeg     + . .     Spirit   .   r - +2 robe {Archmagi}
rPois    ∞         Reflect  .   (no helmet)
rElec    +         Harm     .   y - +1 cloak
rCorr    .         Rampage  .   p - +0 pair of gloves
MR       .....                  (no boots)
Stlth    ++........             w - amulet of the acrobat
HPRegen  0.23/turn              k - +4 ring of protection
MPRegen  0.20/turn              B - +6 ring of dexterity

@: about to teleport
A: negative energy resistance 1, electricity resistance, unbreathing,
petrification resistance, rot immunity, AC +9
a: Renounce Religion


You were on level 13 of the Dungeon.
You worshipped Vehumet.
Vehumet was extremely pleased with you.
You visited 1 branch of the dungeon, and saw 14 of its levels.
You also visited: Ossuary.

You collected 810 gold pieces.
You spent 157 gold pieces at shops.

Inventory:

Missiles
 v - 66 stones (quivered)
Armour
 p - a +0 pair of gloves (worn)
 r - a +2 robe of the Archmagi (worn)
 y - a +1 cloak (worn)
 E - a +0 buckler (worn)
Magical Staves
 m - an uncursed staff of conjuration (weapon)
Jewellery
 k - a +4 ring of protection (left hand)
 w - an amulet of the acrobat (around neck)
 B - a +6 ring of dexterity (right hand)
 F - the amulet of Kutuof {Spirit rPois rC+ Dex-3, unknown}
   (You found it on level 12 of the Dungeon)

   [amulet of guardian spirit]

   It causes incoming damage to be split between your health and magic.
   It affects your dexterity (-3).
   It protects you from cold.
   It protects you from poison.
 G - a +4 ring of slaying {unknown}
 H - a cursed -4 ring of protection
Wands
 b - a wand of digging (8)
 h - a wand of flame (20)
 n - a wand of paralysis (11)
 x - a wand of polymorph (11)
 A - a wand of iceblast (6)
Scrolls
 c - a scroll of enchant weapon
 e - 10 scrolls of remove curse
 l - a scroll of teleportation
 q - 2 scrolls of amnesia
 z - 4 scrolls of identify
 I - a scroll of fear {unknown}
Potions
 a - 7 potions of flight
 d - 5 potions of mutation
 f - 6 potions of might
 g - 10 potions of curing
 i - 5 potions of heal wounds
 j - a potion of resistance
 s - 2 potions of cancellation
 t - 2 potions of magic
 u - 7 potions of stabbing
 C - a potion of ambrosia
 D - a potion of lignification {unknown}
 J - a potion of brilliance {unknown}


   Skills:
 - Level 8.0 Fighting
 - Level 2.6 Dodging
 - Level 3.1 Stealth
 - Level 5.1 Shields
 + Level 9.6 Spellcasting
 + Level 8.0 Conjurations
 - Level 4.2 Transmutations
 + Level 7.0 Ice Magic
 + Level 8.0 Air Magic
 + Level 11.1 Earth Magic
 - Level 5.0 Evocations


You had 5 spell levels left.
You knew the following spells:

 Your Spells              Type           Power        Failure   Level
a - Sandblast             Erth           ######       1%          1
b - Stone Arrow           Conj/Erth      ######       1%          3
c - Lee's Rapid Deconstr  Erth           ######....   1%          5
d - Petrify               Tmut/Erth      ######..     2%          4
e - Swiftness             Air            ######..     1%          2
f - Airstrike             Air            ######....   1%          4
g - Frozen Ramparts       Ice            ######       1%          3
h - Iskenderun's Mystic   Conj/Tloc      ######..     3%          4

Your spell library contained the following spells:

 Spells                   Type           Power        Failure   Level
 Sticky Flame             Conj/Fire      ######..     3%          4
 Freeze                   Ice            ####         1%          1
 Shock                    Conj/Air       ####         1%          1
 Passwall                 Tmut/Erth      ######..     1%          2
 Ozocubu's Armour         Ice            ######..     1%          3
 Static Discharge         Conj/Air       #######.     1%          3
 Hailstorm                Conj/Ice       #######.     1%          4
 Lightning Bolt           Conj/Air       #######...   1%          5
 Summon Ice Beast         Ice/Summ       #####...     16%         4


Dungeon Overview and Level Annotations

Branches:
Dungeon (14/15)            Temple (0/1) D:7            Lair (0/6) D:9
    Orc (0/2) D:10        Ossuary (visited)
 Vaults: D:13-14

Altars:
Ashenzari
Dithmenos
Elyvilon
Gozag
Hepliaklqana
Makhleb
Nemelex Xobeh
Okawaru
Ru
Sif Muna
Trog
Vehumet
Wu Jian
Zin

Shops:
D:6 *   D:12 [

Annotations:
D:5 3 runed translucent doors, fly's ghost, weakling TrDe; martbhell's ghost, novice MiGl; zeramoth's ghost, novice GnWr
D:9 Erica
D:13 Rupert


Innate Abilities, Weirdness & Mutations

You are resistant to torment.
Your stone body is resilient. (AC +9)
You are immune to poison.
You resist negative energy. (rN+)
You are resistant to electric shocks. (rElec)
You can survive without breathing.
You are immune to petrification.
You are immune to rotting.


Message History

Rupert goes berserk!
You feel less confused.
Rupert hits you with a +2 executioner's axe of freezing!
Rupert freezes you!
Rupert hits you with a +2 executioner's axe of freezing!
Rupert freezes you.
Rupert hits you with a +2 executioner's axe of freezing.
Rupert freezes you.
You can move again.
Okay, then.
You feel much better.
Rupert hits you with a +2 executioner's axe of freezing!
Rupert freezes you.
* * * LOW HITPOINT WARNING * * *
As you read the scroll of teleportation, it crumbles to dust.
You feel strangely unstable.
Rupert hits you with a +2 executioner's axe of freezing!!
* * * LOW HITPOINT WARNING * * *
Rupert freezes you.
You die...

#...# #..<# #...# #...# #...#
#...#
########..(######################
.................................
................@........[.......
################@.........)......
#.################ #.# #†# #>#
#.#
################.################
...........(...........().)).(((.


You could see Rupert (berserk).

Vanquished Creatures
  Erolcha (D:9)
  3 hydras
  2 centaur warriors (D:13)
  3 two-headed ogres
  2 unseen horrors
  A necromancer (D:14)
  A deep elf mage (D:12)
  3 ugly things
  A cyclops (D:13)
  3 trolls
  2 hornets
  4 slime creatures (D:12)
  A meliai zombie (D:13)
  4 wyverns
  A shadow (D:13)
  A vampire (D:8)
  A wraith (D:13)
  15 humans (D:14)
  30 yaks
  Grum (D:9)
  4 vampire mosquitoes
  3 soldier ants
  2 water moccasins
  5 orc warriors
  15 ice beasts
  4 black bears
  5 phantoms
  2 eyes of draining
  2 sky beasts
  4 ogres
  4 wolves (D:9)
  16 centaurs
  2 big kobolds
  18 bullfrogs
  2 water moccasin zombies (Ossuary)
  A wyvern skeleton (D:14)
  3 scorpions
  15 killer bees
  8 wights
  9 howler monkeys
  A hound (D:13)
  4 jellies
  3 bullfrog skeletons
  3 centaur skeletons
  11 orc priests
  5 bullfrog zombies
  A gnoll shaman (D:5)
  5 iguanas
  19 orc wizards
  12 worker ants
  4 big kobold zombies (Ossuary)
  2 hound skeletons (D:5)
  2 mummies (Ossuary)
  16 adders
  7 gnolls (D:5)
  A howler monkey skeleton (D:6)
  A hound simulacrum (D:8)
  8 white imps
  A howler monkey simulacrum (D:8)
  3 ufetubi
  An ooze (D:6)
  5 adder zombies
  An adder skeleton (D:6)
  2 dart slugs (D:1)
  3 leopard geckos
  68 orcs
  10 giant cockroaches
  A gnoll zombie (Ossuary)
  7 goblins
  5 hobgoblins
  15 jackals
  16 kobolds
  4 quokkas
  2 ball pythons
  5 bats
  4 frilled lizards
  5 hobgoblin zombies (Ossuary)
  A jackal skeleton (D:4)
  8 kobold zombies (Ossuary)
  5 orc zombies (Ossuary)
  A quokka skeleton (D:4)
  12 rats
494 creatures vanquished.

Vanquished Creatures (others)
  4 withered plants (D:5)
4 creatures vanquished.

Grand Total: 498 creatures vanquished

Notes
Turn   | Place    | Note
-------+----------+-------------------------------------------
     0 | D:1      | DogServant the Gargoyle Earth Elementalist began the quest
                  | for the Orb.
     0 | D:1      | Reached XP level 1. HP: 10/10 MP: 3/3
   165 | D:1      | Reached XP level 2. HP: 15/15 MP: 3/5
   192 | D:1      | Reached skill level 4 in Earth Magic
   550 | D:1      | Reached XP level 3. HP: 10/19 MP: 0/6
  1634 | D:2      | Learned a level 3 spell: Stone Arrow
  1734 | D:2      | Reached XP level 4. HP: 5/24 MP: 6/8
  2605 | D:3      | Found a shattered altar of Ashenzari.
  2622 | D:3      | Reached skill level 1 in Fighting
  2622 | D:3      | Reached skill level 1 in Conjurations
  2622 | D:3      | Reached skill level 5 in Earth Magic
  2622 | D:3      | Reached XP level 5. HP: 6/29 MP: 5/9
  3111 | D:3      | Noticed an ogre
  3120 | D:3      | Killed an ogre
  3334 | D:3      | Found an opulent altar of Gozag.
  3338 | D:3      | Found a burning altar of Makhleb.
  3354 | D:3      | Reached XP level 6. HP: 35/35 MP: 11/11
  3601 | D:3      | Found a sparkling altar of Nemelex Xobeh.
  3854 | D:4      | Noticed a phantom
  3869 | D:4      | Killed a phantom
  4104 | D:4      | Reached XP level 7. HP: 36/40 MP: 10/12
  4270 | D:4      | Reached skill level 6 in Earth Magic
  4658 | D:4      | Found a white marble altar of Elyvilon.
  5071 | D:5      | Entered Level 5 of the Dungeon
  5491 | D:5      | Found a runed translucent gate.
  5492 | D:5      | Found a runed translucent gate.
  5492 | D:5      | Found a runed translucent gate.
  5501 | D:5      | Noticed fly's ghost (weakling TrDe)
  5502 | D:5      | Noticed martbhell's ghost (novice MiGl)
  5502 | D:5      | Noticed zeramoth's ghost (novice GnWr)
  5515 | D:5      | Reached XP level 8. HP: 48/48 MP: 10/14
  5523 | D:5      | Found a sand-covered staircase.
  5528 | Ossuary  | Entered an ossuary
  6323 | Ossuary  | Learned a level 5 spell: Lee's Rapid Deconstruction
  6328 | Ossuary  | Learned a level 4 spell: Petrify
  6345 | Ossuary  | Reached skill level 1 in Transmutations
  7022 | D:5      | Reached skill level 7 in Earth Magic
  7267 | D:5      | Reached skill level 5 in Spellcasting
  8005 | D:5      | Noticed a wyvern
  8008 | D:5      | Killed a wyvern
  8073 | D:5      | Found a radiant altar of Vehumet.
  8082 | D:5      | Became a worshipper of Vehumet
  8088 | D:5      | Found a sacrificial altar of Ru.
  8088 | D:5      | Found an ornate altar of the Wu Jian Council.
  8099 | D:5      | Found an iron altar of Okawaru.
  8103 | D:5      | Found a glowing silver altar of Zin.
  8275 | D:5      | Found a shimmering blue altar of Sif Muna.
  8335 | D:6      | Found Rokhlooliu's Lightly-Used Armoury.
  8337 | D:6      | Reached skill level 5 in Fighting
  8337 | D:6      | Reached skill level 5 in Conjurations
  8379 | D:6      | Reached XP level 9. HP: 22/54 MP: 3/17
  8844 | D:6      | Found a bloodstained altar of Trog.
  8907 | D:6      | Reached * piety under Vehumet
  8907 | D:6      | Offered knowledge of Shock by Vehumet.
  9031 | D:6      | Reached skill level 8 in Earth Magic
  9078 | D:6      | Identified the +1 leather armour "Gautz" {+Inv MR++}
 10375 | D:7      | Found a staircase to the Ecumenical Temple.
 10494 | D:7      | Identified a scroll of acquirement
 10494 | D:7      | Acquired an uncursed staff of conjuration
 10586 | D:7      | Reached ** piety under Vehumet
 10586 | D:7      | Offered knowledge of Freeze by Vehumet.
 11041 | D:7      | Found a hazy altar of Hepliaklqana.
 11230 | D:8      | Reached XP level 10. HP: 61/61 MP: 12/19
 11381 | D:8      | Reached skill level 9 in Earth Magic
 11833 | D:8      | Got a scorched mace
 12106 | D:8      | Learned a level 2 spell: Swiftness
 12111 | D:8      | Learned a level 4 spell: Airstrike
 12144 | D:8      | Identified the +7 mace "Demonbane" {vorpal, rElec SInv}
                  | (You found it on level 8 of the Dungeon)
 12213 | D:8      | Offered knowledge of Conjure Flame by Vehumet.
 13026 | D:9      | Noticed Erolcha
 13048 | D:9      | Paralysed by Erolcha for 6 turns
 13059 | D:9      | Killed Erolcha
 13059 | D:9      | Reached skill level 1 in Air Magic
 13059 | D:9      | Reached skill level 1 in Evocations
 13439 | D:9      | Learned a level 3 spell: Frozen Ramparts
 13448 | D:9      | Noticed Grum
 13461 | D:9      | Reached *** piety under Vehumet
 13609 | D:9      | Killed Grum
 13684 | D:9      | Noticed Erica
 13760 | D:9      | Reached XP level 11. HP: 68/68 MP: 16/21
 13816 | D:9      | Reached skill level 1 in Ice Magic
 14597 | D:9      | Found a staircase to the Lair.
 14628 | D:10     | Entered Level 10 of the Dungeon
 15060 | D:10     | Offered knowledge of Dazzling Flash by Vehumet.
 15314 | D:10     | Reached **** piety under Vehumet
 15397 | D:10     | Offered knowledge of Bolt of Magma by Vehumet.
 15657 | D:10     | Noticed a two-headed ogre
 15662 | D:10     | Killed a two-headed ogre
 15810 | D:10     | Found a staircase to the Orcish Mines.
 16552 | D:11     | Reached skill level 5 in Air Magic
 16565 | D:11     | Reached ***** piety under Vehumet
 16751 | D:11     | Noticed a white ugly thing
 16853 | D:11     | Noticed a two-headed ogre
 16866 | D:11     | Reached XP level 12. HP: 73/73 MP: 14/24
 16871 | D:11     | Killed a two-headed ogre
 16871 | D:11     | Offered knowledge of Iskenderun's Mystic Blast by Vehumet.
 18178 | D:12     | Reached skill level 5 in Ice Magic
 18178 | D:12     | Reached skill level 5 in Evocations
 18236 | D:12     | Noticed a seven-headed hydra
 18250 | D:12     | Killed a seven-headed hydra
 18426 | D:12     | Found Moanaen's Antique Armour Emporium.
 18434 | D:12     | Bought a buckler for 157 gold pieces
 18547 | D:12     | Got a brightly glowing long sword
 18548 | D:12     | Identified the cursed +2 long sword "Arcanum" {vorpal,
                  | rPois rC+ Str+2 Dex-3} (You found it on level 12 of the
                  | Dungeon)
 18612 | D:12     | Reached skill level 1 in Shields
 18812 | D:12     | Got a warped garnet amulet
 18845 | D:12     | Reached skill level 10 in Earth Magic
 19357 | D:13     | Noticed a centaur warrior
 19360 | D:13     | Killed a centaur warrior
 19366 | D:13     | Noticed a centaur warrior
 19384 | D:13     | Killed a centaur warrior
 19556 | D:13     | You fall into a shaft and drop 1 floor!
 19806 | D:13     | Reached XP level 13. HP: 66/78 MP: 2/26
 19967 | D:13     | Reached skill level 5 in Shields
 20421 | D:13     | Learned a level 4 spell: Iskenderun's Mystic Blast
 21075 | D:14     | Offered knowledge of Sticky Flame by Vehumet.
 21075 | D:14     | Reached skill level 11 in Earth Magic
 21127 | D:14     | Found a shadowy altar of Dithmenos.
 21138 | D:14     | Noticed a vault guard
 21249 | D:13     | Noticed Rupert
 21253 | D:13     | Paralysed by Rupert for 5 turns
 21264 | D:13     | Paralysed by Rupert for 6 turns
 21271 | D:13     | Slain by Rupert

Illustrated notes

Levels and vault maps discovered:
D:1:      dpeg_arrival_shelter, layout_loops_ring
D:2:      layout_basic, minmay_cupped
D:3:      layout_rooms, lemuel_doored_altar, lemuel_coloured_pillars_altar,
          chequers_temple_overflow_statue_of_worship
D:4:      layout_loops_cross, elyvilon_altar_1, eino_curves_04
D:5:      layout_loops_ring, kennysheep_mini, minmay_overflow_temple_star_hex,
          enter_ossuary_5, gammafunk_ghost_cemetery
D:6:      layout_rooms, overflow_temple_1_default, minmay_shop_damaged,
          dk_noncrumbling_2
D:7:      layout_basic, old_standard_altar, temple_fountains
D:8:      layout_basic, serial_ice, serial_ice_a, serial_ice_f, serial_ice_i,
          serial_ice_c, serial_bayou_crossing
D:9:      layout_roguey, lair_entry_dummy, uniq_grum, uniq_erolcha, uniq_erica
D:10:     layout_irregular_city, hiddenorc2_lemuel
D:11:     layout_loops_ring, serial_glass, glass_columns_c, glass_columns_a
D:12:     layout_loops_cross, serial_shops,
          nicolae_shop_temple_entry_statues_fountains
D:13:     layout_long_grid, portal_ice_cave_entry_ice_beasts, uniq_rupert
D:14:     layout_rooms, grunt_vaults_entry_tiered, serial_bayou_shore_b,
          nicolae_dithmenos_shadow_blocks

Skill      XL: |  1  2  3  4  5  6  7  8  9 10 11 12 13 |
---------------+----------------------------------------+-----
Earth Magic    | 4 5 6 7 8 9 10 11 | 11.1
Spellcasting   | 3 4 5 6 7 8 9 |  9.6
Fighting       | 1 2 3 5 6 7 8 |  8.0
Conjurations   | 1 2 3 5 6 7 8 |  8.0
Stealth        | 3 |  3.1
Transmutations | 2 3 4 |  4.2
Dodging        | 2 |  2.6
Air Magic      | 2 5 7 8 |  8.0
Evocations     | 1 4 5 |  5.0
Ice Magic      | 4 6 7 |  7.0
Shields        | 4 5 |  5.1

Action                   |  1- 3 |  4- 6 |  7- 9 | 10-12 | 13-15 || total
-------------------------+-------+-------+-------+-------+-------++-------
Melee: Unarmed           |    95 |       |       |       |       ||    95
       Short sword       |    39 |    30 |       |       |       ||    69
       Dagger            |       |    81 |   232 |       |       ||   313
       Staff             |       |       |       |    82 |    37 ||   119
Throw: Dart              |       |       |     1 |       |       ||     1
       Stone             |       |       |       |     1 |       ||     1
 Cast: Sandblast         |    33 |    34 |    71 |   127 |    59 ||   324
       Stone Arrow       |       |       |   140 |   184 |    21 ||   345
       Lee's Rapid Decon |       |       |       |    24 |     3 ||    27
       Petrify           |       |       |       |    11 |       ||    11
       Swiftness         |       |       |       |     1 |     1 ||     2
       Frozen Ramparts   |       |       |       |    18 |    11 ||    29
       Airstrike         |       |       |       |    23 |       ||    23
       Iskenderun's Myst |       |       |       |       |     7 ||     7
  Use: Scroll            |     2 |     5 |     9 |     8 |     7 ||    31
       Potion            |       |       |     2 |     2 |     2 ||     6
 Stab: Sleeping          |     4 |     2 |       |       |       ||     6
       Petrified         |       |       |       |     1 |       ||     1
Armor: Robe              |    97 |    56 |   139 |   105 |    65 ||   462
Dodge: Dodged            |   147 |    88 |   178 |   163 |    79 ||   655
Block: Buckler           |       |       |       |       |    21 ||    21

Table legend: (Time is in decaauts)
 A = Elapsed time spent in this place.
 B = Non-inter-level travel time spent in this place.
 C = Inter-level travel time spent in this place.
 D = Time resting spent in this place.
 E = Time spent auto-exploring this place.
 F = Levels seen in this place.
 G = Mean time per level.
                   A        B        C        D        E       F      G
               +--------+--------+--------+--------+--------+-----+--------+
         Total |  21316 |  20971 |    345 |   8826 |   8092 |  15 | 1421.1 |
       Dungeon |  19871 |  19526 |    345 |   7664 |   8028 |  14 | 1419.4 |
       Ossuary |   1444 |   1444 |      0 |   1162 |     64 |   1 | 1444.0 |
               +--------+--------+--------+--------+--------+-----+--------+

Top non-repeatable levels by time:
     D:6: 2017 daAuts
    D:10: 1873 daAuts
     D:8: 1846 daAuts
     D:5: 1818 daAuts
    D:13: 1724 daAuts
    D:12: 1537 daAuts
     D:9: 1525 daAuts
     D:2: 1474 daAuts
 Ossuary: 1444 daAuts
     D:3: 1348 daAuts
     D:4: 1243 daAuts
    D:11: 1038 daAuts
     D:1: 1009 daAuts
     D:7: 923 daAuts
    D:14: 488 daAuts
